 Dungeon Crawl Stone Soup version 0.29.1-13-g9f3cf754e1 (webtiles) character file.

Game seed: 6215891738467799713

816 Revguard the Shield-Bearer (level 8, -1/61 HPs)
             Began as a Formicid Fighter on Feb 3, 2023.
             Slain by a gnoll
             ... wielding a +0 spear
              (2 damage)
             ... on level 4 of the Dungeon.
             The game lasted 00:08:43 (4202 turns).

Revguard the Shield-Bearer (Formicid Fighter)       Turns: 4202, Time: 00:08:49

Health: -1/61      AC:  9    Str: 23    XL:     8   Next: 16%
Magic:  10/10      EV:  8    Int:  8    God:
Gold:   160        SH:  0    Dex: 13    Spells: 7/7 levels left

rFire   + . .      SeeInvis +   a - +0 war axe
rCold   + . .      Faith    .   c - +0 buckler
rNeg    . . .      Spirit   .   l - +0 chain mail
rPois   +          Reflect  .   (helmet unavailable)
rElec   +          Harm     .   (no cloak)
rCorr   +          Rampage  .   (no gloves)
Will    .....                   (no boots)
Stlth   ..........              (no amulet)
HPRegen 0.20/turn               h - ring of flight
MPRegen 0.12/turn               (no ring)

@: confused, resistant, attractive, flying
A: permanent stasis, dig shafts and tunnels, antennae 3, four strong arms
a: Dig, Shaft Self


You were on level 4 of the Dungeon.
You visited 1 branch of the dungeon, and saw 4 of its levels.

You collected 160 gold pieces.

Inventory:

Hand Weapons
 a - a +0 war axe (weapon)
Missiles
 d - a throwing net
Armour
 b - a +0 scale mail
 c - a +0 buckler (worn)
 l - a +0 chain mail (worn)
Jewellery
 h - a ring of flight (left hand)
Wands
 g - a wand of flame (40) (quivered)
Scrolls
 f - a scroll of blinking
 k - 2 scrolls of poison
 n - a scroll of magic mapping
 o - a scroll of identify
Potions
 e - 2 potions of resistance
 i - 2 potions of ambrosia
 j - a potion of brilliance
 m - a potion of attraction


   Skills:
 + Level 4.6 Fighting
 * Level 4.8 Axes
 + Level 4.6 Armour
 + Level 2.4 Dodging
 + Level 5.6 Shields
 + Level 3.2 Invocations
 + Level 2.8 Evocations


You had 7 spell levels left.
You didn't know any spells.
Your spell library contained the following spells:

 Spells                   Type           Power      Damage    Failure   Level
 Summon Ice Beast         Ice/Summ       0%         N/A       100%        4
 Summon Lightning Spire   Summ/Air       0%         N/A       100%        4
 Chain Lightning          Conj/Air       0%         N/A       100%        9


Dungeon Overview and Level Annotations

Branches:
Dungeon (4/15)
 Temple: D:4-7

Altars:
Zin

Shops:
D:4 :

Annotations:
D:4 Grinder


Innate Abilities, Weirdness & Mutations

You cannot be hasted, slowed, berserked, paralysed or teleported.
You can dig through walls and to a lower floor.
You have a pair of large antennae on your head. (SInv)
Your four strong arms can wield two-handed weapons with a shield.


Message History

The gnoll is moderately wounded.
You slash the gnoll! You miss the orc wizard. The orc barely misses you.
The gnoll hits you with a +0 whip. You block the gnoll's attack.
The gnoll hits you but does no damage. The orc wizard casts a spell at you.
You are confused.
Okay, then.
You hit the gnoll but do no damage.
The gnoll is heavily wounded.
You hit the orc wizard but do no damage.
You miss the gnoll. The orc hits you but does no damage.
The gnoll hits you with a +0 whip. The gnoll barely misses you.
The orc wizard gestures at you while chanting.
The magic dart hits you.
The gnoll hits you from afar with a +0 spear.
The gnoll hits you with a +0 whip.
The gnoll hits you from afar with a +0 spear.
* * * LOW HITPOINT WARNING * * *
The orc hits you from afar with a +0 trident.
* * * LOW HITPOINT WARNING * * *
The orc wizard hits you with a +0 dagger.
* * * LOW HITPOINT WARNING * * *
The gnoll hits you with a +0 club.
* * * LOW HITPOINT WARNING * * *
You barely miss the gnoll.
The gnoll is heavily wounded.
You barely miss the orc wizard. You hit the gnoll.
The orc hits you but does no damage. The gnoll hits you with a +0 whip.
* * * LOW HITPOINT WARNING * * *
The gnoll closely misses you.
The gnoll hits you from afar with a +0 spear.
* * * LOW HITPOINT WARNING * * *
The orc wizard hits you but does no damage.
You barely miss the orc wizard.
The orc wizard is almost dead.
You barely miss the gnoll. x2; The orc hits you but does no damage.
The gnoll barely misses you. The gnoll hits you with a +0 club.
* * * LOW HITPOINT WARNING * * *
The gnoll hits you from afar with a +0 spear.
You die... #... ..#.## #.. ##... ..... #.. ##.... ....#..# ##..... ...... ## ###.....# (lo.# ..###....#... ##ogo

.........##..
##.og#{..#####..#####
#..g@##.# ##....####
##......# #.....[..#
#.....## ##..##....
#....## ###.###...
####...######...#.....
##.##..................
#...........##.........
#..........##..#....... #
###..........###.##†.....


You could see an iguana, an orc wizard (invisible), 3 gnolls and 3 orcs.

Vanquished Creatures
  Sigmund (D:3)
  A black bear (D:4)
  An ogre (D:2)
  A phantom (D:4)
  A scorpion (D:4)
  A hound (D:4)
  An orc priest (D:4)
  Natasha (twice) (D:3)
  An iguana (D:4)
  Ijyb (D:3)
  6 gnolls
  4 adders
  4 worms
  5 dart slugs
  3 orcs (D:4)
  8 ball pythons
  6 bats
  2 endoplasms (D:1)
  4 giant cockroaches
  9 goblins
  6 hobgoblins
  2 jackals (D:3)
  7 quokkas
  2 frilled lizards
  11 kobolds
  8 rats
98 creatures vanquished.

Notes
Turn   | Place    | Note
-------+----------+-------------------------------------------
     0 | D:1      | Revguard the Formicid Fighter began the quest for the Orb.
     0 | D:1      | Reached XP level 1. HP: 18/18 MP: 1/1
   307 | D:1      | Reached XP level 2. HP: 24/24 MP: 2/2
   370 | D:1      | Reached XP level 3. HP: 12/29 MP: 3/3
   880 | D:1      | Reached skill level 1 in Evocations
   988 | D:1      | Reached XP level 4. HP: 31/35 MP: 4/4
  1170 | D:1      | Reached skill level 1 in Invocations
  1740 | D:2      | Got the Teachings on the Iceberg and the Squall
  1908 | D:2      | Noticed an ogre
  1916 | D:2      | Killed an ogre
  1917 | D:2      | Reached skill level 1 in Dodging
  1917 | D:2      | Reached XP level 5. HP: 7/42 MP: 4/6
  2212 | D:2      | Found a faded altar of an unknown god.
  2671 | D:3      | Noticed Natasha
  2675 | D:3      | Killed Natasha
  2676 | D:3      | Reached XP level 6. HP: 48/48 MP: 7/7
  2819 | D:3      | Noticed Ijyb
  2831 | D:3      | Killed Ijyb
  3020 | D:3      | Noticed Sigmund
  3030 | D:3      | Killed Sigmund
  3031 | D:3      | Reached skill level 5 in Shields
  3031 | D:3      | Reached XP level 7. HP: 35/54 MP: 8/8
  3168 | D:3      | Noticed Natasha
  3174 | D:3      | Killed Natasha
  3954 | D:4      | Found Vaes's Book Emporium.
  3991 | D:4      | Found a glowing silver altar of Zin.
  4090 | D:4      | Reached XP level 8. HP: 52/61 MP: 10/10
  4188 | D:4      | Noticed Grinder
  4202 | D:4      | HP: 1/61 [gnoll/+0 club (6)]
  4202 | D:4      | Slain by a gnoll

Illustrated notes

Levels and vault maps discovered:
D:1:      lightli_arrival_statue_moat, layout_loops_corners, nicolae_wormholes
D:2:      layout_basic, ebering_ecumenical_altar_rust
D:3:      layout_loops_cross, uniq_natasha, uniq_sigmund, uniq_ijyb
D:4:      layout_cave_pools, lemuel_tele_altar, serial_shops, shop_statue,
          kennysheep_generic_room_3, uniq_grinder

Skill      XL: |  1  2  3  4  5  6  7 |
---------------+----------------------+-----
Evocations     | 1 2 |  2.8
Invocations    | 1 2 3 |  3.2
Axes           | 3 4 |  4.8
Dodging        | 1 2 |  2.4
Fighting       | 4 |  4.6
Armour         | 4 |  4.6
Shields        | 5 |  5.6

Action                   |  1- 3 |  4- 6 |  7- 9 || total
-------------------------+-------+-------+-------++-------
Melee: War axe           |    74 |   104 |   107 ||   285
  Use: Potion            |       |     4 |     3 ||     7
       Scroll            |       |     5 |     4 ||     9
Armor: Scale mail        |    29 |     9 |       ||    38
       Chain mail        |       |    45 |    85 ||   130
Dodge: Dodged            |    38 |    42 |    55 ||   135
Block: Buckler           |    22 |    29 |    40 ||    91
